 Dungeon Crawl Stone Soup version 0.29.0-11-gd7f09526c8 (webtiles) character file.

Game seed: 3464557182456897205

731 nickcage the Spear-Bearer (level 7, -1/50 HPs)
             Began as a Merfolk Gladiator on Sept 2, 2022.
             Was an Initiate of Qazlal.
             Slain by a gnoll
             ... wielding a +0 flail
              (5 damage)
             ... on level 5 of the Dungeon.
             The game lasted 00:11:17 (5462 turns).

nickcage the Spear-Bearer (Merfolk Gladiator)       Turns: 5462, Time: 00:11:17

Health: -1/50      AC: 10    Str: 17    XL:     7   Next: 73%
Magic:  7/7        EV:  8    Int:  7    God:    Qazlal [......]
Gold:   143        SH:  0    Dex: 15    Spells: 6/6 levels left

rFire   . . .      SeeInvis .   u - +0 halberd
rCold   . . .      Faith    .   (shield currently unavailable)
rNeg    . . .      Spirit   .   f - +0 chain mail
rPois   .          Reflect  .   n - +1 helmet
rElec   .          Harm     .   (no cloak)
rCorr   .          Rampage  .   (no gloves)
Will    .....                   (no boots)
Stlth   ..........              (no amulet)
HPRegen 0.16/turn               (no ring)
MPRegen 0.10/turn               (no ring)

@: no status effects
A: (nimble swimmer 2), mertail
a: Renounce Religion


You were on level 5 of the Dungeon.
You worshipped Qazlal.
Qazlal was noncommittal.
You visited 2 branches of the dungeon, and saw 6 of its levels.

You collected 143 gold pieces.

Inventory:

Hand Weapons
 a - a +0 trident
 u - a +0 halberd (weapon)
Missiles
 d - 4 throwing nets
 t - a javelin
 z - 3 poisoned darts (quivered)
Armour
 b - a +0 leather armour
 c - a +0 helmet
 f - a +0 chain mail (worn)
 n - a +1 helmet (worn)
Jewellery
 v - an amulet of magic regeneration
 C - a ring of protection from fire
Wands
 x - a wand of paralysis (6)
Scrolls
 e - 2 scrolls of magic mapping {unknown}
 g - 6 scrolls of teleportation {unknown}
 h - 3 scrolls of fear {unknown}
 j - a scroll of immolation {unknown}
 k - 2 scrolls of amnesia {unknown}
 l - 2 scrolls of enchant weapon {unknown}
 p - a scroll of vulnerability {unknown}
 s - 5 scrolls of identify {unknown}
 y - 3 scrolls of enchant armour {unknown}
 A - a scroll of poison {unknown}
 B - a scroll of brand weapon {unknown}
Potions
 i - a potion of might {unknown}
 m - 3 potions of heal wounds {unknown}
 o - 3 potions of lignification {unknown}
 q - 2 potions of brilliance {unknown}
 r - a potion of ambrosia {unknown}
 w - a potion of cancellation {unknown}
 D - a potion of mutation {unknown}


   Skills:
 - Level 2.1 Fighting
 + Level 11.5 Polearms
 - Level 2.0 Throwing
 - Level 4.0 Dodging


You had 6 spell levels left.
You didn't know any spells.
Your spell library contained the following spells:

 Spells                   Type           Power      Damage    Failure   Level
 Confusing Touch          Hex            0%         N/A       100%        3
 Leda's Liquefaction      Hex/Erth       0%         N/A       100%        4
 Lee's Rapid Deconstruct  Erth           0%         3d5*      100%        5
 Yara's Violent Unravell  Hex/Tmut       0%         3d3       100%        5
 Statue Form              Tmut/Erth      0%         N/A       100%        6
 Enfeeble                 Hex            0%         N/A       100%        7


Dungeon Overview and Level Annotations

Branches:
Dungeon (5/15)             Temple (1/1) D:4

Altars:
Ashenzari
Cheibriados
Fedhas
Kikubaaqudgha
Makhleb
Okawaru
Qazlal
Sif Muna
Uskayaw
Xom
Yredelemnul
Zin
The Shining One

Annotations:
D:4 Pikel


Innate Abilities, Weirdness & Mutations

((You are very nimble when in or above water. (Stealth+, EV+, Speed+++)))
Your lower body shifts to a powerful aquatic tail in water.


Message History

Qazlal accepts your kill.
You closely miss the orc. You hit the orc.
The orc is almost dead.
The orc barely misses you.
You slash the orc!
You kill the orc!
Qazlal accepts your kill.
You puncture the orc!
You kill the orc!
Qazlal accepts your kill.
Items here: ))) [ †††.
You closely miss the gnoll.
The gnoll hits you from afar with a +0 spear.
You hit the gnoll.
The gnoll is lightly wounded.
The gnoll barely misses you. The gnoll hits you with a +0 whip.
* * * LOW HITPOINT WARNING * * *
You closely miss the gnoll.
The gnoll is lightly wounded.
The gnoll barely misses you. The gnoll hits you with a +0 whip.
* * * LOW HITPOINT WARNING * * *
You hit the gnoll.
The gnoll is severely wounded.
The gnoll hits you but does no damage. x2
You are too injured to fight recklessly!
You closely miss the gnoll.
The gnoll is severely wounded.
The gnoll closely misses you. The gnoll hits you with a +0 whip.
* * * LOW HITPOINT WARNING * * *
You slash the gnoll!
You kill the gnoll!
Qazlal accepts your kill. The gnoll closely misses you.
The gnoll attacks as you move away! The gnoll hits you with a +0 flail.
* * * LOW HITPOINT WARNING * * *
Things that are here:
a +0 dagger; a +0 robe; an orc corpse You closely miss the gnoll.
The gnoll hits you with a +0 flail.
You die...

.... ..
#..##. #.....
#.... #...#
.l. #g# #g#
#@# ## ####.#
##.. ##....#
.... #..####
#. ..... #.##
#...#####...#
#.#
###......<.#
#.#
#...#####.##
#.# #○○☼# #.#
#.# #§○☼# #.#


You could see an iguana and 2 gnolls.

Vanquished Creatures
  Grinder (D:4)
  Menkaure (D:4)
  A bullfrog (D:4)
  An orc priest (D:5)
  A hound (D:4)
  An iguana (D:4)
  9 gnolls
  7 adders
  2 worms
  2 dart slugs (D:1)
  8 orcs
  6 ball pythons
  14 endoplasms
  5 giant cockroaches
  6 goblins
  5 hobgoblins
  8 kobolds
  5 quokkas
  5 bats
  5 frilled lizards
  9 rats
102 creatures vanquished.

Vanquished Creatures (others)
  An orc wizard (D:5)
1 creature vanquished.

Grand Total: 103 creatures vanquished

Notes
Turn   | Place    | Note
-------+----------+-------------------------------------------
     0 | D:1      | nickcage the Merfolk Gladiator began the quest for the Orb.
     0 | D:1      | Reached XP level 1. HP: 16/16 MP: 1/1
   236 | D:1      | Reached XP level 2. HP: 18/22 MP: 2/2
   327 | D:1      | Reached skill level 5 in Polearms
   565 | D:1      | Reached XP level 3. HP: 27/27 MP: 3/3
   597 | D:1      | Found a faded altar of an unknown god.
  1384 | D:2      | Reached skill level 6 in Polearms
  1834 | D:2      | Reached XP level 4. HP: 33/33 MP: 4/4
  2234 | D:2      | Found a blossoming altar of Fedhas.
  2283 | D:2      | Reached skill level 7 in Polearms
  2414 | D:2      | Reached XP level 5. HP: 26/38 MP: 5/5
  3246 | D:3      | Reached skill level 8 in Polearms
  3863 | D:4      | Noticed a lemure
  3863 | D:4      | Noticed a lemure
  3864 | D:4      | Noticed a lemure
  3904 | D:4      | Noticed Menkaure
  3907 | D:4      | Noticed Grinder
  3915 | D:4      | Killed Menkaure
  3916 | D:4      | Reached skill level 9 in Polearms
  3916 | D:4      | Reached XP level 6. HP: 22/44 MP: 6/6
  4311 | D:4      | Found a staircase to the Ecumenical Temple.
  4318 | Temple   | Entered the Ecumenical Temple
  4389 | Temple   | Became a worshipper of Qazlal Stormbringer
  4610 | D:4      | Reached skill level 10 in Polearms
  4610 | D:4      | Reached XP level 7. HP: 40/50 MP: 7/7
  4805 | D:4      | Killed Grinder
  4806 | D:4      | Reached skill level 11 in Polearms
  5311 | D:4      | Noticed Pikel
  5337 | D:5      | Entered Level 5 of the Dungeon
  5462 | D:5      | Slain by a gnoll

Illustrated notes

Levels and vault maps discovered:
D:1:      dpeg_arrival_water_fire, layout_loops_corners,
          shapermc_ecumenical_altar_acropolis, minmay_misc_feat_room
D:2:      layout_loops_ring, basic_altar
D:3:      layout_basic
D:4:      layout_loops_corners, minitemple, minmay_temple_entry_mini_moons,
          roderic_malta_cross, uniq_pikel, uniq_grinder, uniq_menkaure
D:5:      layout_basic, serial_shops, shop, serial_curves, eino_curves_02,
          eino_curves_04, eino_curves_01, lemuel_flame_loot_1
Temple:   nicolae_temple_ecumenical_triangle

Skill      XL: |  1  2  3  4  5  6  7 |
---------------+----------------------+-----
Polearms       | 5 6 7 9 10 11 | 11.5
Fighting       | |  2.1
Throwing       | |  2.0
Dodging        | |  4.0

Action                   |  1- 3 |  4- 6 |  7- 9 || total
-------------------------+-------+-------+-------++-------
Melee: Trident           |   103 |    40 |       ||   143
       Punch             |     1 |       |       ||     1
       Halberd           |       |   156 |    72 ||   228
Throw: Javelin           |       |     1 |       ||     1
       Throwing net      |       |     1 |       ||     1
       Dart              |       |       |     1 ||     1
Armor: Chain mail        |    37 |    86 |    34 ||   157
Dodge: Dodged            |    35 |    70 |    20 ||   125
